 Dungeon Sprint DCSS version 0.28.0-53-g5a82cb258f (webtiles) character file.

Game seed: 11880818950930766459

38311 Revguard the Executioner (level 14, -2/140 HPs)
             Began as a Hill Orc Fighter on Aug 25, 2022.
             Was the Champion of Beogh.
             Killed from afar by an acid blob (13 damage)
             ... with a splash of acid
             ... in the Dungeon (Sprint V: "Ziggurat Sprint").
             The game lasted 00:18:34 (1691 turns).

Revguard the Executioner (Hill Orc Fighter)         Turns: 1691, Time: 00:18:35

Health: -2/140     AC: 15    Str: 24    XL:     14   Next: 1%
Magic:  0/36       EV: 15    Int: 13    God:    Beogh [******]
Gold:   0          SH: 32    Dex: 18    Spells: 13/13 levels left

rFire   + + .      SeeInvis +   F - +14 obsidian axe {vorpal, Mesm Drain Fly SInv}
rCold   + . .      Faith    .   E - +18 shield of the Gong {rElec rN+ Will+ EV-5}
rNeg    + + +      Spirit   +   R - +7 pearl dragon scales of Amorality {rN+ Dex+4 Slay+3 Stlth+}
rPois   .          Reflect  .   (no helmet)
rElec   +          Harm     .   w - +1 cloak of Autotheism {Str+4}
rCorr   .          Rampage  .   (no gloves)
Will    ++...      NoTele   +   (no boots)
Stlth   +.........              N - amulet "Leexen" {Spirit rElec MP+9}
HPRegen 0.33/turn               x - ring of Itextesk {Fly rF++ AC+4 Int+2}
MPRegen 0.25/turn               W - ring "Aluwoxou" {rC+ rN+ EV+4 Int+3}

@: corroded, flying, studying Polearms
A: walk on water
a: Renounce Religion, Smiting, Recall Orcish Followers, Give Item to Named
Follower, Resurrection


You were in the Dungeon.
You worshipped Beogh.
Beogh was exalted by your worship.
You visited 1 branch

Inventory:

Hand Weapons
 a - a +5 executioner's axe
 n - a +5 bardiche
 z - the +3 sling "Punk" {acid, rCorr}
   (You found it in the Dungeon)

   Any ammunition fired from it is coated in acid, damaging and corroding those
   it strikes.
   rCorr:     It protects you from acid and corrosion.
 F - the +14 obsidian axe (weapon) {vorpal, Mesm Drain Fly SInv}
   (You found it in the Dungeon)

   It inflicts extra damage upon your enemies.
   It occasionally summons demons to assist the wielder when it strikes in
   combat.
   Its wielder is mesmerised by any visible foes.
   It cannot be unequipped while any foes are visible.
   SInv:      It lets you see invisible.
   Fly:       It grants you flight.
   Drain:     It drains your maximum health when unequipped.
 G - a +5 demon blade
 H - a +5 double sword
 L - the +9 war axe "Oghuatue" {vorpal, Drain +Blink rC+}
   (You found it in the Dungeon)

   It inflicts extra damage upon your enemies.
   rC:        It protects you from cold.
   +Blink:    It lets you blink.
   Drain:     It drains your maximum health when unequipped.
 M - a +5 demon trident
 O - the +11 hand axe "Odiahu" {holy, Fragile Str+4 Int+8}
   (You found it in the Dungeon)

   It has been blessed by the Shining One to cause great damage to the undead
   and demons.
   Str:       It affects your strength (+4).
   Int:       It affects your intelligence (+8).
   Fragile:   It will be destroyed if unequipped.
 S - the +7 spear "Hoezuel" {vamp, Drain rC++ Str+8 Int-4}
   (You found it in the Dungeon)

   It occasionally heals its wielder for a portion of the damage dealt when it
   wounds a living foe.
   Str:       It affects your strength (+8).
   Int:       It affects your intelligence (-4).
   rC:        It greatly protects you from cold.
   Drain:     It drains your maximum health when unequipped.
Armour
 w - the +1 cloak of Autotheism (worn) {Str+4}
   (You found it in the Dungeon)

   Str:       It affects your strength (+4).
 D - the +15 Maxwell's patent armour {-Cast -Tele rElec Will+ rCorr}
   (You found it in the Dungeon)

   rElec:     It insulates you from electricity.
   -Cast:     It prevents spellcasting.
   -Tele:     It prevents most forms of teleportation.
   rCorr:     It protects you from acid and corrosion.
   Will:      It increases your willpower.
 E - the +18 shield of the Gong (worn) {rElec rN+ Will+ EV-5}
   (You found it in the Dungeon)

   It is deafeningly noisy when blocking attacks.
   EV:        It affects your evasion (-5).
   rElec:     It insulates you from electricity.
   rN:        It protects you from negative energy.
   Will:      It increases your willpower.
 I - a +3 kite shield
 J - a +3 tower shield
 K - a +5 crystal plate armour
 R - the +7 pearl dragon scales of Amorality (worn) {rN+ Dex+4 Slay+3 Stlth+}
   (You found it in the Dungeon)

   Dex:       It affects your dexterity (+4).
   Slay:      It affects your accuracy & damage with ranged weapons and melee
   (+3).
   rN:        It protects you from negative energy.
   Stlth:     It makes you more stealthy.
Jewellery
 t - the ring of Jeap Juph {*Corrode rPois rC++ MP+9 Dex+6}
   (You found it in the Dungeon)

   [ring of dexterity]

   Dex:       It affects your dexterity (+6).
   rC:        It greatly protects you from cold.
   rPois:     It protects you from poison.
   MP:        It affects your magic capacity (+9).
   *Corrode:  It may corrode you when you take damage.
 u - a ring of willpower
 v - a ring of poison resistance
 x - the ring of Itextesk (left hand) {Fly rF++ AC+4 Int+2}
   (You found it in the Dungeon)

   [ring of protection]

   AC:        It affects your AC (+4).
   Int:       It affects your intelligence (+2).
   rF:        It greatly protects you from fire.
   Fly:       It grants you flight.
 y - a +6 ring of dexterity
 N - the amulet "Leexen" (around neck) {Spirit rElec MP+9}
   (You found it in the Dungeon)

   [amulet of guardian spirit]

   It causes incoming damage to be divided between your reserves of health and
   magic.
   rElec:     It insulates you from electricity.
   MP:        It affects your magic capacity (+9).
 Q - the ring of Duessugh {rC- Will+ EV+4 Dex+4}
   (You found it in the Dungeon)

   [ring of evasion]

   EV:        It affects your evasion (+4).
   Dex:       It affects your dexterity (+4).
   rC:        It makes you vulnerable to cold.
   Will:      It increases your willpower.
 W - the ring "Aluwoxou" (right hand) {rC+ rN+ EV+4 Int+3}
   (You found it in the Dungeon)

   [ring of evasion]

   EV:        It affects your evasion (+4).
   Int:       It affects your intelligence (+3).
   rC:        It protects you from cold.
   rN:        It protects you from negative energy.
Wands
 A - a wand of mindburst (7)
 B - a wand of iceblast (7)
 C - a wand of acid (7)
Scrolls
 j - 4 scrolls of blinking
 o - 4 scrolls of amnesia
 p - 8 scrolls of fog
 q - a scroll of holy word
 r - 5 scrolls of identify
 s - 2 scrolls of fear
Potions
 d - 5 potions of might
 e - 10 potions of curing
 f - 11 potions of heal wounds
 g - 10 potions of haste
 h - 7 potions of magic
 i - a potion of berserk rage
 k - 2 potions of brilliance
 l - 2 potions of invisibility
 m - 3 potions of resistance
Miscellaneous
 b - a box of beasts
 c - a tin of tremorstones (2/2)
 P - a condenser vane


   Skills:
 + Level 17.5 Fighting
 + Level 21.6 Axes
 + Level 16.1 Armour
 + Level 12.4 Dodging
 + Level 16.1 Shields
 + Level 18.7 Invocations
 + Level 14.5 Evocations


You had 13 spell levels left.
You didn't know any spells.
Your spell library contained the following spells:

 Spells                   Type           Power      Damage    Failure   Level
 Animate Skeleton         Necr           0%         N/A       73%         1
 Apportation              Tloc           0%         N/A       73%         1
 Sandblast                Erth           0%         2d4       73%         1
 Summon Small Mammal      Summ           0%         N/A       73%         1
 Blink                    Tloc           0%         N/A       86%         2
 Corpse Rot               Necr/Air       0%         N/A       86%         2
 Passwall                 Tmut/Erth      0%         N/A       86%         2
 Poisonous Vapours        Pois/Air       0%         N/A       86%         2
 Scorch                   Fire           0%         2d5       86%         2
 Static Discharge         Conj/Air       0%         N/A       86%         2
 Sublimation of Blood     Necr           0%         N/A       86%         2
 Wereblood                Tmut           0%         N/A       86%         2
 Call Canine Familiar     Summ           0%         N/A       97%         3
 Dazzling Flash           Conj/Hex       0%         N/A       97%         3
 Gell's Gravitas          Tloc           0%         N/A       97%         3
 Stone Arrow              Conj/Erth      0%         3d7       97%         3
 Summon Guardian Golem    Hex/Summ       0%         N/A       97%         3
 Teleport Other           Tloc           0%         N/A       97%         3
 Dispel Undead            Necr           0%         3d6       100%        4
 Flame Wave               Conj/Fire      0%         2d4       100%        4
 Iskenderun's Mystic Bla  Conj/Tloc      0%         2d3       100%        4
 Passage of Golubria      Tloc           0%         N/A       100%        4
 Sticky Flame             Conj/Fire      0%         2d3       100%        4
 Freezing Cloud           Conj/Ice/Air   0%         6-21      100%        5
 Manifold Assault         Tloc           0%         N/A       100%        5
 Silence                  Hex/Air        0%         N/A       100%        5
 Summon Forest            Summ/Tloc      0%         N/A       100%        5
 Dispersal                Tloc           0%         N/A       100%        6
 Simulacrum               Ice/Necr       0%         N/A       100%        6
 Starburst                Conj/Fire      0%         6d3       100%        6
 Summon Cactus Giant      Summ           0%         N/A       100%        6
 Malign Gateway           Summ/Tloc      0%         N/A       100%        7
 Orb of Destruction       Conj           0%         9d5       100%        7
 Spellforged Servitor     Conj/Summ      0%         N/A       100%        7
 Storm Form               Tmut/Air       0%         N/A       100%        7
 Summon Hydra             Summ           0%         N/A       100%        7
 Lehudib's Crystal Spear  Conj/Erth      0%         10d2      100%        8
 Polar Vortex             Ice            0%         N/A       100%        9


Dungeon Overview and Level Annotations

Branches:
Dungeon (1/1)

Altars:
Ashenzari
Cheibriados
Dithmenos
Elyvilon
Fedhas
Gozag
Hepliaklqana
Kikubaaqudgha
Makhleb
Nemelex Xobeh
Okawaru
Qazlal
Ru
Sif Muna
Trog
Uskayaw
Vehumet
Wu Jian
Xom
Yredelemnul
Zin
The Shining One
Beogh
Jiyva
Lugonu

Annotations:
D 1 transporter


Message History

Boldo hits the acid blob with a +0 dagger.
Boldo is burned by acid!
The acid blob hits Boldo.
Boldo is splashed with acid.
Boldo blocks the endoplasm's attack.
You have reached level 14!
You hit the acid blob but do no damage.
Your hands burn!
* * * LOW HITPOINT WARNING * * *
The acid blob is almost dead.
You slash the acid blob! You open a gate to Pandemonium!
A demon appears!
Your hands burn!
* * * LOW HITPOINT WARNING * * *
Visions of slaying the acid blob flood into your mind.
The acid blob hits you.
* * * LOW HITPOINT WARNING * * *
You are splashed with acid!
* * * LOW HITPOINT WARNING * * *
The acid blob spits acid at you. The splash of acid hits you.
* * * LOW HITPOINT WARNING * * *
The acid corrodes you!
Boldo hits the acid blob with a +0 dagger.
Boldo is burned by acid!
You feel much better.
Visions of slaying the acid blob flood into your mind.
The acid blob spits acid at you. The splash of acid hits you!!
* * * LOW HITPOINT WARNING * * *
Boldo blocks the endoplasm's attack.
The acid blob spits acid at you. You block the splash of acid.
GONNNNG!
Boldo hits the acid blob with a +0 dagger!
Boldo is burned by acid!
Your hellwing hits the acid blob!
You are no longer entranced.
The acid blob dies!
Beogh accepts your kill. The acid blob spits acid at you.
The splash of acid hits you!
You die...

▓...}[:)})[...▓..|.|.)))..
▓...§§§§..§§..▓...........
▓...§§§§..§§..▓...........
▓...§§§§§.§○..▓...........
▓.....§§§.§...▓...........
▓.....§.§.....▓...........
▓..▓...4JJ.▓..▓..▓.....▓..
▓ ▓▓..o.J▓▓ ▓...........
▓..▓...3.@.▓..▓.....©.....
▓.........4...▓▓▓▓▓▓▓▓▓▓▓▓
▓......©......▓....8©8....
▓▓▓▓▓▓▓▓▓▓▓▓▓▓▓......}}[..
▓...)|..|).. ▓...........
▓...÷....... ▓...[[|÷....
▓...........


You could see an acid blob (ally target), a slime creature, an endoplasm, a
friendly hellwing (summoned, corroded), a friendly sixfirhy (summoned,
corroded), a friendly chaos spawn (summoned) and the friendly Boldo the orc
sorcerer (corroded).

Vanquished Creatures
  An iron giant (D)
  An acid blob (D)
  An ancient champion (D)
  3 rockslimes (D)
  A nargun (D)
  An azure jelly (D)
  An iron dragon (D)
  A quicksilver elemental (D)
  5 war gargoyles (D)
  A quicksilver ooze (D)
  2 wendigos (D)
  2 great orbs of eyes (D)
  3 hydras (D)
  3 spriggan air magi (D)
  A dancing weapon (D)
  2 spriggan berserkers (D)
  A deep elf knight (D)
  A spriggan druid (D)
  A flayed ghost (D)
  A deep elf pyromancer (D)
  A cyclops (D)
  2 shining eyes (D)
  2 eyes of devastation (D)
  2 cane toads (D)
  2 rime drakes (D)
  An ancient zyme (D)
  2 freezing wraiths (D)
  A merfolk (D)
  7 wind drakes (D)
  3 hornets (D)
  A dream sheep (D)
  A blink frog (D)
  3 slime creatures (D)
  4 spriggans (D)
  A wyvern (D)
  A basilisk (D)
  4 water moccasins (D)
  2 hell hounds (D)
  A black bear (D)
  3 wolves (D)
  5 centaurs (D)
  2 phantoms (D)
  A bullfrog (D)
  A quasit (D)
  3 jellies (D)
  3 orc priests (D)
  An orc wizard (D)
  A shadow imp (D)
  4 white imps (D)
  An ufetubus (D)
  4 bat skeletons (D)
  2 endoplasms (D)
  A jackal (D)
  A bat simulacrum (D)
  A giant cockroach simulacrum (D)
  A giant cockroach zombie (D)
  2 jackal simulacra (D)
  A jackal zombie (D)
112 creatures vanquished.

Vanquished Creatures (collateral kills)
  2 acid blobs (D)
  A rockslime (D)
  A deep elf death mage (D)
  A crystal echidna (D)
  A lindwurm (D)
  A slime creature (D)
  A hellion (D)
  A tormentor (D)
  2 yaks (D)
  A water moccasin (D)
  A wolf (D)
  A centaur (D)
  An endoplasm (D)
15 creatures vanquished.

Vanquished Creatures (others)
  2 orc sorcerers (D)
  4 orc priests (D)
  An adder simulacrum (D)
7 creatures vanquished.

Grand Total: 134 creatures vanquished

Notes
Turn   | Place    | Note
-------+----------+-------------------------------------------
     0 | D        | Revguard the Hill Orc Fighter began the quest for the Orb.
     0 | D        | Reached XP level 1. HP: 19/19 MP: 1/1
     0 | D        | Found a shimmering blue altar of Sif Muna.
     0 | D        | Found a bloodstained altar of Trog.
     0 | D        | Found a sacrificial altar of Ru.
     0 | D        | Found a stormy altar of Qazlal.
     0 | D        | Found an iron altar of Okawaru.
     1 | D        | Found a sparkling altar of Nemelex Xobeh.
     1 | D        | Found a blossoming altar of Fedhas.
     1 | D        | Found the +6 Majin-Bo {vamp, MP+6 Int+6}
     1 | D        | Found the +9 heavy crossbow "Sniper" {vorpal, Acc+∞ SInv}
     1 | D        | Found the +10 dark maul {vorpal}
     1 | D        | Found the +15 Maxwell's patent armour {-Cast -Tele rElec
                  | Will+ rCorr}
     1 | D        | Found the +18 shield of the Gong {rElec rN+ Will+ EV-5}
     1 | D        | Found the +14 obsidian axe {vorpal, Mesm Drain Fly SInv}
     1 | D        | Found the +7 great mace "Firestarter" {inner flame, rF++}
     1 | D        | Found the +6 shillelagh "Devastator" {shatter}
     1 | D        | Found the +11 plutonium sword {Contam Stlth-}
     1 | D        | Found the +8 lance "Wyrmbane" {slay drac, rPois rF+ rC+
                  | AC+3}
     1 | D        | Found the +9 sword of Zonguldrok {reap}
     1 | D        | Found the +13 scythe of Curses {drain, Drain}
     1 | D        | Found the +5 sword of Power {vorpal}
     1 | D        | Found the +7 mace of Variability {chain chaos}
     1 | D        | Found the +7 Singing Sword {vorpal, sonic wave}
     1 | D        | Found the +8 storm bow {elec, penet}
     3 | D        | Found a transporter.
     3 | D        | Found an ancient bone altar of Kikubaaqudgha.
     3 | D        | Found a viscous altar of Jiyva.
     3 | D        | Found a corrupted altar of Lugonu.
     3 | D        | Found a hazy altar of Hepliaklqana.
     3 | D        | Found a burning altar of Makhleb.
     3 | D        | Found an opulent altar of Gozag.
    15 | D        | Banished a spatial maelstrom
    72 | D        | Became a worshipper of Beogh the Brigand
    78 | D        | Reached skill level 4 in Axes
    78 | D        | Reached XP level 2. HP: 28/28 MP: 1/4
   144 | D        | Entered arena 2.
   144 | D        | Found a transporter.
   147 | D        | Reached skill level 5 in Fighting
   152 | D        | Entered arena 3.
   152 | D        | Noticed a wolf
   152 | D        | Noticed a yak
   152 | D        | Found a transporter.
   155 | D        | Reached * piety under Beogh
   156 | D        | Killed a wolf
   157 | D        | Reached skill level 5 in Axes
   157 | D        | Reached skill level 5 in Armour
   157 | D        | Reached skill level 5 in Shields
   157 | D        | Reached XP level 3. HP: 28/37 MP: 4/6
   157 | D        | Reached XP level 4. HP: 33/44 MP: 4/7
   157 | D        | Killed a yak
   158 | D        | Reached skill level 6 in Axes
   158 | D        | Reached XP level 5. HP: 39/51 MP: 4/9
   158 | D        | Reached XP level 6. HP: 44/58 MP: 4/10
   163 | D        | Got the amulet "Leexen" {Spirit rElec MP+9}
   258 | D        | Entered arena 4.
   258 | D        | Found a transporter.
   262 | D        | Reached ** piety under Beogh
   262 | D        | Reached *** piety under Beogh
   263 | D        | Reached skill level 7 in Axes
   263 | D        | Reached skill level 5 in Evocations
   271 | D        | Got the +11 hand axe "Odiahu" {holy, Fragile Str+4 Int+8}
   275 | D        | Entered arena 5.
   275 | D        | Noticed a deep elf knight
   275 | D        | Noticed a +0 vorpal scimitar
   275 | D        | Noticed a deep elf pyromancer
   275 | D        | Noticed a deep elf death mage
   275 | D        | Found a transporter.
   277 | D        | Killed a +0 vorpal scimitar
   277 | D        | Reached **** piety under Beogh
   278 | D        | Reached skill level 9 in Axes
   278 | D        | Reached skill level 5 in Dodging
   278 | D        | Reached XP level 7. HP: 54/69 MP: 13/13
   278 | D        | Reached XP level 8. HP: 59/75 MP: 14/14
   279 | D        | Killed a deep elf pyromancer
   280 | D        | Killed a deep elf death mage
   281 | D        | Reached skill level 10 in Fighting
   281 | D        | Reached skill level 10 in Axes
   281 | D        | Reached skill level 10 in Invocations
   281 | D        | Reached XP level 9. HP: 62/85 MP: 15/16
   284 | D        | Killed a deep elf knight
   285 | D        | Reached skill level 11 in Axes
   376 | D        | Entered arena 6.
   376 | D        | Found a transporter.
   377 | D        | Reached ***** piety under Beogh
   391 | D        | Entered arena 7.
   391 | D        | Found the +3 hat of Pondering {ponderous, Will+ MP+10
                  | Int+5}
   391 | D        | Noticed a flayed ghost
   391 | D        | Noticed an ancient zyme
   392 | D        | Found a transporter.
   394 | D        | Killed a flayed ghost
   394 | D        | Killed an ancient zyme
   394 | D        | Reached ****** piety under Beogh
   395 | D        | Reached skill level 10 in Armour
   395 | D        | Reached skill level 10 in Shields
   395 | D        | Reached XP level 10. HP: 96/96 MP: 18/18
   401 | D        | Got the ring of Duessugh {rC- Will+ EV+4 Dex+4}
   409 | D        | Got the +7 spear "Hoezuel" {vamp, Drain rC++ Str+8 Int-4}
   412 | D        | Entered arena 8.
   413 | D        | Found a transporter.
   433 | D        | Entered arena 9.
   434 | D        | Found a transporter.
   439 | D        | Reached skill level 12 in Axes
   693 | D        | Entered arena 10.
   693 | D        | Noticed a cyclops
   694 | D        | Found a transporter.
   700 | D        | Killed a cyclops
   708 | D        | Reached skill level 13 in Axes
   711 | D        | Gained Boldo as an ally
   715 | D        | Got the ring of Inuckip {Ice rCorr Int+2 Dex+4}
   718 | D        | Got the ring "Aluwoxou" {rC+ rN+ EV+4 Int+3}
   738 | D        | Entered arena 11.
   738 | D        | Noticed a spriggan rider
   738 | D        | Noticed a spriggan rider
   738 | D        | Noticed a spriggan druid
   738 | D        | Noticed a spriggan rider
   739 | D        | Found a transporter.
   745 | D        | Reached skill level 10 in Evocations
   745 | D        | Reached XP level 11. HP: 67/105 MP: 19/20
   746 | D        | Killed a spriggan druid
   749 | D        | Killed a spriggan rider
   762 | D        | Got the Collected Works on Attacks
   764 | D        | Got the ring of Jeap Juph {*Corrode rPois rC++ MP+9 Dex+6}
   912 | D        | Entered arena 12.
   912 | D        | Noticed a war gargoyle
   912 | D        | Noticed an iron giant
   912 | D        | Noticed a war gargoyle
   912 | D        | Noticed an ancient champion
   912 | D        | Noticed a war gargoyle
   912 | D        | Noticed a war gargoyle
   913 | D        | Noticed an iron dragon
   913 | D        | Noticed a war gargoyle
   913 | D        | Noticed a crystal echidna
   915 | D        | Noticed a quicksilver elemental
   917 | D        | Your ally Boldo died
   920 | D        | Killed an iron dragon
   920 | D        | Killed a war gargoyle
   921 | D        | Reached skill level 14 in Axes
   922 | D        | Killed a war gargoyle
   923 | D        | Reached skill level 15 in Axes
   923 | D        | Killed a war gargoyle
   925 | D        | Killed a quicksilver elemental
   925 | D        | Killed a war gargoyle
   925 | D        | Noticed a sun demon
   926 | D        | Reached skill level 16 in Axes
   926 | D        | Reached XP level 12. HP: 97/117 MP: 16/23
   928 | D        | Killed a war gargoyle
   929 | D        | Reached skill level 15 in Invocations
   930 | D        | Killed an ancient champion
   930 | D        | Killed an iron giant
   931 | D        | Reached skill level 17 in Axes
   931 | D        | Reached skill level 10 in Dodging
   931 | D        | Killed a crystal echidna
   939 | D        | Found a transporter.
   956 | D        | Got the +1 cloak of Autotheism {Str+4}
   964 | D        | Got the Volume of Displacement
  1171 | D        | Entered arena 13.
  1173 | D        | Found a transporter.
  1179 | D        | Reached skill level 15 in Fighting
  1179 | D        | Reached skill level 18 in Axes
  1189 | D        | Got the ring of Itextesk {Fly rF++ AC+4 Int+2}
  1230 | D        | Got the +9 war axe "Oghuatue" {vorpal, Drain +Blink rC+}
  1242 | D        | Entered arena 14.
  1243 | D        | Noticed a wendigo
  1243 | D        | Noticed a nargun
  1244 | D        | Noticed a wendigo
  1244 | D        | Found the +3 sling "Punk" {acid, rCorr}
  1246 | D        | Found a transporter.
  1249 | D        | Paralysed by a wendigo for 1 turns
  1251 | D        | Killed a wendigo
  1252 | D        | Killed a nargun
  1257 | D        | Killed a wendigo
  1258 | D        | Reached skill level 19 in Axes
  1296 | D        | Entered arena 15.
  1297 | D        | Noticed a spriggan air mage
  1297 | D        | Noticed a spriggan air mage
  1297 | D        | Noticed a seven-headed hydra
  1297 | D        | Noticed a spriggan berserker
  1297 | D        | Noticed a five-headed hydra
  1297 | D        | Noticed an eight-headed hydra
  1298 | D        | Noticed a spriggan berserker
  1298 | D        | Noticed a spriggan air mage
  1298 | D        | Found the +2 cloak of the Thief {*Fog Slay-2 SInv Stlth+}
  1299 | D        | Found a transporter.
  1300 | D        | Noticed a death yak
  1300 | D        | Killed a spriggan air mage
  1300 | D        | Killed a spriggan air mage
  1300 | D        | Killed a spriggan berserker
  1300 | D        | Killed an eight-headed hydra
  1301 | D        | Reached XP level 13. HP: 84/128 MP: 23/25
  1306 | D        | Reached skill level 20 in Axes
  1309 | D        | Reached skill level 15 in Armour
  1309 | D        | Reached skill level 15 in Shields
  1569 | D        | Entered arena 16.
  1570 | D        | Noticed a great orb of eyes
  1570 | D        | Noticed a great orb of eyes
  1570 | D        | Noticed a rockslime
  1571 | D        | Noticed a rockslime
  1571 | D        | Noticed an acid blob
  1571 | D        | Noticed an azure jelly
  1572 | D        | Found a transporter.
  1575 | D        | Killed a great orb of eyes
  1577 | D        | Killed an acid blob
  1578 | D        | Killed a great orb of eyes
  1578 | D        | Killed an azure jelly
  1579 | D        | Reached skill level 21 in Axes
  1579 | D        | Killed a rockslime
  1580 | D        | Killed a rockslime
  1637 | D        | Got the +7 pearl dragon scales of Amorality {rN+ Dex+4
                  | Slay+3 Stlth+}
  1669 | D        | Entered arena 17.
  1672 | D        | Noticed a quicksilver ooze
  1672 | D        | Noticed a rockslime
  1672 | D        | Noticed an acid blob
  1672 | D        | Noticed a rockslime
  1673 | D        | Noticed an acid blob
  1673 | D        | Noticed an acid blob
  1674 | D        | Found a transporter.
  1677 | D        | Killed a rockslime
  1680 | D        | Killed a quicksilver ooze
  1683 | D        | Killed a rockslime
  1689 | D        | Killed an acid blob
  1690 | D        | Reached XP level 14. HP: 36/140 MP: 3/27
  1691 | D        | Killed an acid blob
  1691 | D        | Killed from afar by an acid blob

Illustrated notes

Levels and vault maps discovered:
D:        sprint_v [room_start, room_1, room_2, room_3, room_4, room_5, room_6,
          room_7, room_8, room_9, room_10, room_11, room_12, room_13, room_14,
          room_15, room_16, room_17, room_18, room_19, room_20, room_21,
          room_22, room_23, room_24, room_25, room_26, room_27]

Skill      XL: |  1  2  3  4  5  6  7  8  9 10 11 12 13 |
---------------+----------------------------------------+-----
Fighting       | 4 5 6 8 10 11 12 14 16 17 | 17.5
Axes           | 4 5 6 9 10 11 13 16 19 21 | 21.6
Armour         | 4 5 6 8 9 10 11 13 14 16 | 16.1
Dodging        | 2 3 5 6 7 8 9 11 12 | 12.4
Shields        | 4 5 6 7 9 10 11 13 14 16 | 16.1
Invocations    | 3 4 6 8 10 11 12 14 16 18 | 18.7
Evocations     | 2 3 4 6 7 8 10 11 13 14 | 14.5

Action                   |  1- 3 |  4- 6 |  7- 9 | 10-12 | 13-15 || total
-------------------------+-------+-------+-------+-------+-------++-------
Melee: Broad axe         |     4 |     5 |    12 |    71 |    27 ||   119
Invok: Give Item to Name |       |       |       |     1 |       ||     1
       Resurrection      |       |       |       |     1 |       ||     1
Evoke: Tin of tremorston |       |       |     2 |     4 |     1 ||     7
       Condenser vane    |       |       |       |       |     2 ||     2
  Use: Potion            |     2 |       |       |     4 |     2 ||     8
 Stab: Distracted        |       |       |       |     3 |     2 ||     5
Armor: Plate armour      |     4 |     3 |     5 |    54 |    36 ||   102
       Pearl dragon scal |       |       |       |       |     4 ||     4
Dodge: Dodged            |       |     1 |       |    21 |    13 ||    35
Block: Kite shield       |     8 |     7 |    13 |   151 |    45 ||   224
